 Dungeon Crawl Stone Soup version 0.25-a0-1024-gbfbf38f2cb (webtiles) character file.

Game seed: 7858275006130873012, levelgen mode: deterministic

32 Esekla the Skirmisher (level 3, -3/30 HPs)
             Began as a Formicid Abyssal Knight on May 12, 2020.
             Was a Follower of Lugonu.
             Slain by a gnoll
             ... wielding a +0 halberd
              (6 damage)
             ... on level 1 of the Dungeon.
             The game lasted 00:08:22 (970 turns).

Esekla the Skirmisher (Formicid Abyssal Knight)      Turns: 970, Time: 00:08:23

Health: -3/30      AC:  3    Str: 17    XL:     3   Next: 45%
Magic:  4/4        EV: 11    Int: 11    God:    Lugonu [*.....]
Gold:   142        SH:  0    Dex: 10    Spells: 2/2 levels left

rFire    . . .     SeeInvis +   a - +1 falchion
rCold    . . .     Gourm    .   (no shield)
rNeg     . . .     Faith    .   k - +0 robe (curse)
rPois    .         Spirit   .   (helmet unavailable)
rElec    .         Reflect  .   g - +0 cloak {+Inv}
rCorr    .         Harm     .   (no gloves)
MR       .....                  (no boots)
Stlth    ..........             (no amulet)
HPRegen  0.10/turn              f - -3 ring of slaying (curse)
MPRegen  0.09/turn              d - ring of attention (curse)

@: no status effects
A: permanent stasis, dig shafts and tunnels, four strong arms, antennae 3
a: Dig, Shaft Self, Depart the Abyss, Renounce Religion, Evoke Invisibility


You were on level 1 of the Dungeon.
You worshipped Lugonu.
Lugonu was aware of your devotion.
You were not hungry.

You visited 1 branch of the dungeon, and saw 3 of its levels.
You visited the Abyss 1 time.

You collected 142 gold pieces.

Inventory:

Hand Weapons
 a - a +1 falchion (weapon)
Armour
 b - a +0 leather armour
 g - a +0 cloak of invisibility (worn)
 i - a +0 chain mail
 k - a cursed +0 robe (worn)
Jewellery
 d - a cursed ring of attention (right hand)
 f - a cursed -3 ring of slaying (left hand)
Scrolls
 e - 3 scrolls of identify
Potions
 h - a potion of heal wounds
 j - a potion of cancellation
Comestibles
 c - 4 rations
 l - 5 chunks of flesh


   Skills:
 * Level 3.8 Fighting
 * Level 2.5 Long Blades
 + Level 2.2 Armour
 + Level 1.1 Dodging
 + Level 0.1 Stealth
 + Level 2.1 Invocations
 * Level 1.1 Evocations


You had 2 spell levels left.
You didn't know any spells.
Your spell library was empty.

Dungeon Overview and Level Annotations

Branches:
Dungeon (3/15)

Altars:

Annotations:
D:3 Ijyb


Innate Abilities, Weirdness & Mutations

You cannot be hasted, slowed, berserked, paralysed or teleported.
You can dig through walls and to a lower floor.
Your four strong arms can wield two-handed weapons with a shield.
You have a pair of large antennae on your head. (SInv)


Message History

You climb downwards.
The gnoll hits you but does no damage.
There is a stone staircase leading up here.
The gnoll hits you but does no damage.
You climb upwards.
There is a stone staircase leading down here.
The gnoll misses you. The gnoll hits you with a +0 halberd!
You hit the gnoll.
The gnoll is moderately wounded.
The gnoll closely misses you.
You riposte.
You hit the gnoll but do no damage.
The gnoll is moderately wounded.
You hit the gnoll.
The gnoll is heavily wounded.
The gnoll hits you with a +0 halberd!
* * * LOW HITPOINT WARNING * * *
Are you sure you want to shaft yourself?
You feel somewhat more hungry. The gnoll barely misses you.
You begin to dig a shaft.
You continue digging a shaft.
The gnoll hits you with a +0 halberd.
You die...

##........#
##........#
.#........#
..........#
......[...# ######
...######## #....#
.....#########....#
............##....#
##......###.##..@.#
........###....g..#
######............#
### ###.....>....#
..# ###.........#
..#####...........#
....#.........#####
........#.....#
.....(..####.##


You could see a gnoll.

Vanquished Creatures
  An ooze (D:1)
  2 dart slugs (D:1)
  4 giant cockroaches
  2 goblins (D:1)
  6 bats (D:1)
  2 frilled lizards (D:1)
  3 kobolds (D:1)
  5 rats
25 creatures vanquished.

Notes
Turn   | Place    | Note
-------+----------+-------------------------------------------
     0 | Abyss:1  | Esekla the Formicid Abyssal Knight began the quest for the
                  | Orb.
     0 | Abyss:1  | Reached XP level 1. HP: 18/18 MP: 2/2
   102 | Abyss:3  | Noticed a green death
   121 | Abyss:3  | Noticed a purple draconian
   126 | D:1      | Escaped the Abyss
   283 | D:1      | Reached XP level 2. HP: 24/24 MP: 3/3
   303 | D:1      | Reached skill level 1 in Evocations
   356 | D:2      | Reached * piety under Lugonu
   420 | D:1      | Reached skill level 1 in Dodging
   750 | D:1      | Reached XP level 3. HP: 25/30 MP: 4/4
   798 | D:3      | Noticed Ijyb
   970 | D:1      | Slain by a gnoll

Illustrated notes

Levels and vault maps discovered:
D:1:      eino_arrival_water_star, layout_rooms, corexii_corridor_pit
D:2:      layout_loops_ring, old_standard_altar, first_ration
D:3:      layout_basic, lemuel_doored_altar, lemuel_coloured_pillars_altar,
          gammafunk_ghost_cemetery, uniq_robin, uniq_ijyb

Skill      XL: |  1  2 |
---------------+-------+-----
Evocations     | 1 |  1.1
Dodging        | 1 |  1.1
Fighting       | |  3.8
Long Blades    | |  2.5
Armour         | |  2.2
Stealth        | |  0.1
Invocations    | |  2.1

Action                   || total
-------------------------++-------
Melee: Falchion          ||    88
Invok: Depart the Abyss  ||     1
 Abil: Evoke Invisibilit ||     1
       Shaft Self        ||     1
  Use: Scroll            ||     5
  Eat: Chunk             ||     1
Armor: Leather armour    ||     6
       Robe              ||    37
Dodge: Dodged            ||    74
       Rpst.: Falchion   ||    27

Table legend:
 A = Non-vault XP
 B = Vault XP
 C = Vault XP percentage of total XP
 D = Non-vault monster count
 E = Vault monster count
 F = Vault count percentage of total count
                 A         B        C        D         E       F
            +---------+---------+-------+---------+---------+-------
      Total |      47 |       0 |   0.0 |      25 |       0 |   0.0
            +---------+---------+-------+---------+---------+-------
        D:1 |      44 |       0 |   0.0 |      23 |       0 |   0.0
        D:2 |       3 |       0 |   0.0 |       2 |       0 |   0.0
            +---------+---------+-------+---------+---------+-------
